 Dungeon Crawl Stone Soup version 0.27.1-37-g7b29ead8ac (console) character file.

Game seed: 3976414948278433163

240 grimtooth the Gusty (level 5, -1/28 HPs)
             Began as a Deep Elf Air Elementalist on July 30, 2023.
             Was an Initiate of Vehumet.
             Slain by a scorpion (4 damage)
             ... on level 4 of the Dungeon.
             The game lasted 00:15:58 (4241 turns).

grimtooth the Gusty (Deep Elf Air Elementalist)     Turns: 4241, Time: 00:15:59

Health: -1/28      AC:  3    Str:  3 (5)  XL:     5   Next: 79%
Magic:  2/11       EV: 12    Int: 18 (21) God:    Vehumet [......]
Gold:   115        SH:  0    Dex: 15      Spells: 4/10 levels left

rFire    . . .     SeeInvis .   (no weapon)
rCold    . . .     Faith    .   (no shield)
rNeg     . . .     Spirit   .   a - +0 robe
rPois    .         Reflect  .   s - +0 helmet
rElec    .         Harm     .   (no cloak)
rCorr    +         Rampage  .   (no gloves)
Will     .....                  (no boots)
Stlth    ++........             (no amulet)
HPRegen  0.09/turn              t - ring of resist corrosion
MPRegen  0.12/turn              (no ring)

@: mighty
A: no striking features
a: Renounce Religion


You were on level 4 of the Dungeon.
You worshipped Vehumet.
Vehumet was noncommittal.
You visited 1 branch of the dungeon, and saw 5 of its levels.

You collected 115 gold pieces.

Inventory:

Hand Weapons
 o - a +0 dagger
Missiles
 d - 52 stones (quivered)
 m - 25 sling bullets
 p - a throwing net {=f}
Armour
 a - a +0 robe (worn)
 s - a +0 helmet (worn)
Jewellery
 t - a ring of resist corrosion (left hand)
Scrolls
 e - a scroll of acquirement {unknown}
 g - a scroll of holy word {unknown}
 h - a scroll of blinking {unknown}
 i - a scroll of teleportation
 j - 3 scrolls of magic mapping
 l - a scroll of amnesia
 n - a scroll of enchant armour {unknown}
Potions
 r - a potion of berserk rage {unknown}


   Skills:
 - Level 2.4 Dodging
 - Level 2.4 Stealth
 - Level 3.0 Spellcasting
 + Level 3.6 Conjurations
 * Level 5.7 Air Magic


You had 4 spell levels left.
You knew the following spells:

 Your Spells              Type           Power      Damage    Failure   Level
a - Shock                 Conj/Air       76%        1d7       2%          1
b - Static Discharge      Conj/Air       19%        N/A       3%          2
s - Swiftness             Air            23%        N/A       4%          3

Your spell library contained the following spells:

 Spells                   Type           Power      Damage    Failure   Level
 Airstrike                Air            11%        N/A       16%         4
 Conjure Flame            Conj/Fire      9%         6-21      24%         3
 Ignite Poison            Fire/Tmut/Pois 2%         N/A       43%         3
 Sticky Flame             Conj/Fire      9%         2d3       61%         4


Dungeon Overview and Level Annotations

Branches:
Dungeon (5/15)
 Temple: D:4-7

Altars:
Hepliaklqana
Uskayaw
Vehumet
Zin

Annotations:
D:4 Dowan, Duvessa


Message History

Really read the scroll of immolation?
As you read the scroll of immolation, it crumbles to dust.
The creatures around you are filled with an inner flame!
The gnoll sergeant barely misses you. The gnoll hits you but does no damage.
Casting: Static Discharge (safe; 4% risk of failure)
Confirm with . or Enter, or press ? or * to list all spells.
Aiming: Shock (safe; 2% risk of failure)
Press: ? - help, Shift-Dir - straight line The zap hits the gnoll sergeant.
Flame seeps out of the gnoll sergeant.
The gnoll sergeant is lightly wounded.
The zap hits the gnoll.
Flame seeps out of the gnoll.
The gnoll is moderately wounded.
The gnoll is engulfed in blazing flames.
Vehumet accepts your kill.
The gnoll explodes!
The fiery explosion engulfs the gnoll sergeant!!!
Vehumet accepts your kill.
The gnoll sergeant explodes!
The gnoll hits you but does no damage.
You feel your strength returning.
Throw: 53 stones
Press: ? - help, Q - select action, (/) - cycle Shift-Dir - straight line, f - gnoll
Aim: a gnoll, wielding a +0 halberd (inner flame, 61% to hit)
You throw a stone. The stone closely misses the gnoll.
You feel less wooden.
Your +0 helmet unmelds from your body.
Your +0 robe unmelds from your body.
The gnoll hits you from afar with a +0 halberd.
The gnoll closely misses you.
You climb upwards.
Level annotation: Dowan, Duvessa Duvessa hits you with a +0 rapier!
* * * LOW HITPOINT WARNING * * *
Duvessa hits you with a +0 rapier.
* * * LOW HITPOINT WARNING * * *
There is a stone staircase leading down, spattered with blood here.
Found 34 stones.
A hobgoblin comes into view.
A hound skeleton comes into view.
The scorpion stings you.
You die...

######### #.......#
#.......#
#.......###########
#.....(...........#####
#.......####..S!..(....
#.......# ##..es###
####.#### ####@.# #.#
#.........# #>###
..........#.. #...##
#..........#
###..####.........#
##...###.Z...g....
###.# ##.......### #.#
#.......# #.### #...#
###.#


You could see Duvessa, a scorpion, a hobgoblin (asleep), a ball python and a
hound skeleton (dormant).

Vanquished Creatures
  A gnoll sergeant (D:5)
  Ijyb (D:5)
  9 gnolls
  An adder (D:2)
  2 dart slugs (D:2)
  2 bats
  7 endoplasms
  4 giant cockroaches
  3 goblins
  7 hobgoblins
  6 jackals
  2 kobolds
  2 quokkas
  6 ball pythons
  3 frilled lizards
  A rat (D:1)
57 creatures vanquished.

Notes
Turn   | Place    | Note
-------+----------+-------------------------------------------
     0 | D:1      | grimtooth the Deep Elf Air Elementalist began the quest for
                  | the Orb.
     0 | D:1      | Reached XP level 1. HP: 10/10 MP: 6/6
   307 | D:1      | Reached XP level 2. HP: 15/15 MP: 6/8
   412 | D:1      | Found a faded altar of an unknown god.
   425 | D:1      | Found a faded altar of an unknown god.
  1484 | D:2      | Reached XP level 3. HP: 15/19 MP: 3/9
  1536 | D:2      | Learned a level 2 spell: Static Discharge
  1704 | D:2      | Reached skill level 4 in Air Magic
  2641 | D:2      | Learned a level 3 spell: Swiftness
  2675 | D:3      | Reached XP level 4. HP: 20/24 MP: 6/10
  3049 | D:3      | Found a hide-covered altar of Uskayaw.
  3081 | D:3      | Found a radiant altar of Vehumet.
  3084 | D:3      | Found a glowing silver altar of Zin.
  3087 | D:3      | Found a hazy altar of Hepliaklqana.
  3095 | D:3      | Became a worshipper of Vehumet
  4019 | D:4      | Noticed Dowan
  4020 | D:4      | Noticed Duvessa
  4158 | D:4      | Noticed a scorpion
  4201 | D:5      | Entered Level 5 of the Dungeon
  4201 | D:5      | Noticed Ijyb
  4209 | D:5      | Noticed a gnoll sergeant
  4211 | D:5      | - god dammt
  4214 | D:5      | Reached skill level 5 in Air Magic
  4220 | D:5      | Killed Ijyb
  4221 | D:5      | Reached XP level 5. HP: 21/28 MP: 1/11
  4227 | D:4      | HP: 1/28 [Duvessa (3)]
  4241 | D:4      | Slain by a scorpion

Illustrated notes

# ### #.###
#.. ... ...
...#g# ##
###.#.# ..
#....g#.#####
#♣gg.....
#g####### #..
###. .# #


Turn 4211 on D:5: - god dammt

Levels and vault maps discovered:
D:1:      lightli_arrival_maybe_door_vault, layout_loops_corners,
          hellmonk_ecumenical_altar_the_god_not_taken,
          chequers_serial_rivers_micro_c
D:2:      layout_loops_corners, kennysheep_generic_room_6
D:3:      layout_basic, grunt_temple_overflow_cloverleaf, roderic_roman_lattice,
          nrook_uturn, kennysheep_generic_room_15
D:4:      layout_rooms, serial_shops, shop, uniq_duvessa
D:5:      layout_basic, uniq_ijyb, uniq_edmund

Skill      XL: |  1  2  3  4 |
---------------+-------------+-----
Conjurations   | 2 3 |  3.6
Air Magic      | 4 5 |  5.7
Dodging        | |  2.4
Stealth        | |  2.4
Spellcasting   | |  3.0

Action                   |  1- 3 |  4- 6 || total
-------------------------+-------+-------++-------
Melee: Unarmed           |       |     9 ||     9
       Dagger            |       |     1 ||     1
Throw: Stone             |       |     1 ||     1
 Cast: Shock             |    95 |    23 ||   118
       Static Discharge  |     1 |     8 ||     9
  Use: Scroll            |       |     5 ||     5
       Potion            |       |     4 ||     4
 Stab: Sleeping          |       |     1 ||     1
Armor: Robe              |     8 |       ||     8
       Skin              |       |    41 ||    41
Dodge: Dodged            |    18 |    12 ||    30
